 Dungeon Crawl Stone Soup version 0.32-a0-928-g1cae6b7ea0 (webtiles) character file.

Game seed: 13551197207559848683

506 BobbyRooster the Cudgeller (level 6, -1/84 HPs)
             Began as a Minotaur Berserker on Apr 11, 2024.
             Was a Believer of Trog.
             Slain by a kobold
             ... wielding a +0 dagger
              (3 damage)
             ... on level 4 of the Dungeon on Apr 12, 2024.
             The game lasted 00:13:56 (4181 turns).

BobbyRooster the Cudgeller (Minotaur Berserker)     Turns: 4181, Time: 00:13:56

Health: -1/84      AC: -3    Str: 21 (24) XL:     6   Next: 97%
Magic:  5/5        EV: 11    Int:  3 (4)  God:    Trog [**....]
Gold:   193        SH:  0    Dex:  7 (9)  Spells: 5/5 levels left

rFire   . . .        a - +0 mace
rCold   . . .        (no shield)
rNeg    . . .        n - +1 leather armour
rPois   .            (helmet restricted)
rElec   .            (no cloak)
rCorr   .            (no gloves)
SInv    .            (no boots)
Will    .....        (no amulet) Stlth
                     g - ring of flight
HPRegen 0.34/turn    (no ring)
MPRegen 0.09/turn

%: no passive effects
@: berserking, corroded, flying, very quick
A: horns 2, retaliatory headbutt
a: Renounce Religion, Berserk, Trog's Hand


You were on level 4 of the Dungeon.
You worshipped Trog.
Trog was pleased with you.
You visited 1 branch of the dungeon, and saw 4 of its levels.

You collected 193 gold pieces.

Inventory:

Hand Weapons
 a - a +0 mace (weapon)
Armour
 n - a +1 leather armour (worn)
Jewellery
 d - a ring of fire
 g - a ring of flight (left hand)
Wands
 b - a wand of flame (9)
Scrolls
 i - 2 scrolls of teleportation
Potions
 c - a potion of might
 e - a potion of enlightenment
 f - 4 potions of curing
 h - a potion of cancellation
 j - a potion of berserk rage


   Skills:
 + Level 5.5 Fighting
 + Level 6.4 Maces & Flails
 + Level 3.9 Armour
 + Level 4.2 Dodging
 + Level 1.3 Stealth


You had 5 spell levels left.
You didn't know any spells.
Your spell library contained the following spells:

 Spells                   Type           Power      Damage    Failure   Level
 Summon Ice Beast         Ice/Summ       0%         N/A       91%         3
 Summon Mana Viper        Hex/Summ       0%         N/A       100%        5
 Monstrous Menagerie      Summ           0%         N/A       100%        7


Dungeon Overview and Level Annotations

Branches:
Dungeon (4/15)
 Temple: D:4-7

Altars:
Xom

Annotations:
D:4 Menkaure


Innate Abilities, Weirdness & Mutations

You have a pair of horns on your head.
You reflexively headbutt those who attack you in melee.


Message History

You thump the jelly!
You kill the jelly!
Trog accepts your kill.
As you read the scroll of teleportation, it crumbles to dust.
You feel strangely unstable. Menkaure hits you.
Your surroundings suddenly seem different.
An endoplasm comes into view.
Menkaure casts a spell.
Menkaure seems to speed up.
A red film seems to cover your vision as you go berserk!
You feel yourself moving faster!
You feel mighty!
You thump the endoplasm!
You kill the endoplasm!
Trog accepts your kill.
Menkaure points at you and mumbles some strange words.
Pain shoots through your body!
* * * LOW HITPOINT WARNING * * *
The ball python bites you.
* * * LOW HITPOINT WARNING * * *
The ball python closely misses you.
You are too berserk!
You barely miss the kobold.
The kobold hits you with a +0 short sword.
* * * LOW HITPOINT WARNING * * *
The ball python bites you.
* * * LOW HITPOINT WARNING * * *
The ball python grabs you. The ball python constricts you.
* * * LOW HITPOINT WARNING * * *
You barely miss the ball python. Your headbutt misses the ball python.
The kobold hits you with a +0 dagger.
* * * LOW HITPOINT WARNING * * *
The ball python completely misses you. The ball python constricts you.
* * * LOW HITPOINT WARNING * * *
The kobold hits you with a +0 short sword.
* * * LOW HITPOINT WARNING * * *
You hit the ball python.
You kill the ball python!
Trog accepts your kill.
You hit Menkaure but do no damage. The kobold hits you with a +0 dagger.
You die...

## .. ..###.###
......... .......####
#........
###.......##
........♣..#
############....@K_.#
#..........#...MK..♣#
#..........#b......#
#..........#.......#
#..........###.#####
#..............#
#.................$#
#.............?....#
########)#.?.......#


You could see Menkaure (fast) and 2 kobolds.

Vanquished Creatures
  Sigmund (D:3)
  An ogre (D:4)
  A jelly (D:4)
  Terence (D:3)
  Ijyb (D:3)
  Robin (D:3)
  5 gnolls
  2 adders
  5 dart slugs
  2 ribbon worms
  An orc (D:3)
  3 ball pythons
  5 bats
  3 endoplasms
  3 giant cockroaches
  18 goblins
  5 hobgoblins
  4 jackals (D:2)
  10 kobolds
  2 quokkas (D:1)
  5 frilled lizards
  6 rats
  A butterfly (D:4)
86 creatures vanquished.

Notes
Turn   | Place    | Note
-------+----------+-------------------------------------------
     0 | D:1      | BobbyRooster the Minotaur Berserker began the quest for the
                  | Orb.
     0 | D:1      | Reached XP level 1. HP: 19/19 MP: 0/0
   105 | D:1      | Reached skill level 4 in Maces & Flails
   105 | D:1      | Reached XP level 2. HP: 24/27 MP: 1/1
   209 | D:1      | Upgraded the game from 0.32-a0-918-g0f22ef8d61 to
                  | 0.32-a0-928-g1cae6b7ea0
   558 | D:1      | Reached XP level 3. HP: 33/33 MP: 2/2
   883 | D:2      | Reached ** piety under Trog
  1041 | D:2      | Reached XP level 4. HP: 40/40 MP: 3/3
  1686 | D:3      | Noticed Terence
  1699 | D:3      | Killed Terence
  1700 | D:3      | Reached skill level 5 in Maces & Flails
  1794 | D:3      | Noticed Robin
  1809 | D:3      | Killed Robin
  1980 | D:3      | Noticed Ijyb
  1992 | D:3      | Killed Ijyb
  1993 | D:3      | Reached XP level 5. HP: 39/47 MP: 4/4
  2178 | D:3      | Noticed Sigmund
  2189 | D:3      | Killed Sigmund
  2190 | D:3      | Reached skill level 5 in Fighting
  2190 | D:3      | Reached skill level 6 in Maces & Flails
  2190 | D:3      | Reached skill level 1 in Stealth
  2190 | D:3      | Reached XP level 6. HP: 32/56 MP: 5/5
  4162 | D:4      | Found a shimmering altar of Xom.
  4166 | D:4      | Noticed Menkaure
  4179 | D:4      | HP: 4/84 [kobold/+0 dagger (3)]
  4179 | D:4      | HP: 1/84 [kobold/+0 short sword (2)]
  4181 | D:4      | Slain by a kobold

Illustrated notes

Levels and vault maps discovered:
D:1:      dpeg_arrival_rooms_with_view, layout_basic, corexii_leaking_fountain,
          minmay_heptomino_d4
D:2:      layout_basic
D:3:      layout_loops_corners, uniq_terence, uniq_ijyb, uniq_robin,
          uniq_sigmund
D:4:      layout_basic, xom_butterflies, fedhas_altar_1, minmay_between,
          uniq_menkaure

Skill      XL: |  1  2  3  4  5  6 |
---------------+-------------------+-----
Maces & Flails | 4 5 6 |  6.4
Fighting       | 4 5 |  5.5
Dodging        | 3 4 |  4.2
Armour         | 3 |  3.9
Stealth        | 1 |  1.3

Action                     |  1- 3 |  4- 6 || total
---------------------------+-------+-------++-------
  Melee: Mace              |    69 |   111 ||   180
         Headbutt          |     4 |    18 ||    22
 Invoke: Berserk           |     2 |     4 ||     6
         Trog's Hand       |       |     1 ||     1
    Use: Scroll            |     5 |     5 ||    10
         Potion            |     4 |     3 ||     7
   Stab: Sleeping          |       |     1 ||     1
 Armour: Animal skin       |    51 |     3 ||    54
         Leather armour    |       |    64 ||    64
  Dodge: Dodged            |    45 |    60 ||   105

Table legend: (Time is in decaauts)
 A = Elapsed time spent in this place.
 B = Non-inter-level travel time spent in this place.
 C = Inter-level travel time spent in this place.
 D = Time resting spent in this place.
 E = Time spent auto-exploring this place.
 F = Levels seen in this place.
 G = Mean time per level.
                   A        B        C        D        E       F      G
               +--------+--------+--------+--------+--------+-----+--------+
         Total |   4252 |   4191 |     61 |   1537 |   1714 |   4 | 1063.0 |
       Dungeon |   4252 |   4191 |     61 |   1537 |   1714 |   4 | 1063.0 |
               +--------+--------+--------+--------+--------+-----+--------+

Top non-repeatable levels by time:
     D:3: 2454 daAuts
     D:1: 828 daAuts
     D:2: 810 daAuts
     D:4: 158 daAuts
